Description

Reaper expend => drop 6 marines 1 mines => drop marines tank join the drop, 3CC double ebay

VOD

https://www.youtube.com/watch?v=8snV5m1XGZs

Build Order

Get SALT Encoding   

  14  0:17  Supply Depot  
  15  0:27  Refinery  
  16  0:44  Barracks  
  20  1:30  Orbital Command, Reaper  Just scoot, he need to survive
  20  1:40  Command Center  
  20  1:52  Factory  
  21  2:04  Barracks Reactor  
  21  2:06  Supply Depot  
  22  2:11  Refinery  
  24  2:40  Starport  
  24  2:43  Marine x2  Marines x2 non stop !
  26  2:45  Factory Tech Lab  You don't need it for widow mines but you will make a tank later
  27  2:55  Orbital Command  B2
  32  3:04  Widow Mine  Just for the first drop
  35  3:17  Medivac  Drop 6 marines 1 mines join the reaper
  39  3:25  Bunker  
  39  3:28  Supply Depot  
  42  3:35  Siege Tank  
  46  3:50  Supply Depot  
  46  3:52  Medivac  Tank marines and join the previous drop
  61  4:30  Command Center  
  70  5:14  Barracks x2  
  74  5:29  Engineering Bay  
Spawning Tool Build Advisor. Get it on Overwolf

Analysis

This is a dificult build order, diamond + master will improve if they try this one, intensive macro / micro

Go to:

Details

  • Created by: Meyde
  • Published on: Jul 24, 2016
  • Modified on: Jul 26, 2016
  • Patch: Pre-3.8.0
Show
View Real Time Build Order
Export as new Build Order

Comments (3)

On Aug. 14, 2016, 3:25 a.m., PilotedShred  said:

should stim be in here somewhere?

On July 26, 2016, 9:17 p.m., Meyde  said:

Nice catch ! :D

On July 26, 2016, 12:31 p.m., Heeebs  said:

when do you but your first exp down

Create an account to comment!